 Dungeon Crawl Stone Soup version 0.29-a0-359-g541a27f54d (webtiles) character file.

Game seed: 16885942533030217599

60 Hubjo the Firebug (level 3, 0/21 HPs)
             Began as a Deep Elf Fire Elementalist on Apr 27, 2022.
             Slain by a gnoll
             ... wielding a +0 halberd
              (14 damage)
             ... on level 2 of the Dungeon.
             The game lasted 00:02:12 (2013 turns).

Hubjo the Firebug (Deep Elf Fire Elementalist)      Turns: 2013, Time: 00:02:12

Health: 0/21       AC:  2    Str:  5    XL:     3   Next: 82%
Magic:  10/10      EV: 13    Int: 19    God:
Gold:   91         SH:  0    Dex: 17    Spells: 8/9 levels left

rFire   . . .      SeeInvis .   d - +5 dagger
rCold   . . .      Faith    .   (no shield)
rNeg    . . .      Spirit   .   a - +0 robe
rPois   .          Reflect  .   (no helmet)
rElec   .          Harm     .   (no cloak)
rCorr   .          Rampage  .   (no gloves)
Will    .....                   (no boots)
Stlth   ++........              (no amulet)
HPRegen 0.07/turn               (no ring)
MPRegen 0.12/turn               (no ring)

@: about to teleport
A: no striking features
a: no special abilities


You were on level 2 of the Dungeon.
You visited 1 branch of the dungeon, and saw 2 of its levels.

You collected 91 gold pieces.

Inventory:

Hand Weapons
 d - a +5 dagger (weapon)
 i - a +2 long sword of electrocution
Armour
 a - a +0 robe (worn)
Scrolls
 c - a scroll of vulnerability
 e - a scroll of enchant weapon {unknown}
 f - 2 scrolls of teleportation
 g - a scroll of magic mapping {unknown}
 j - a scroll of identify {unknown}
 k - a scroll of fog {unknown}
 l - 2 scrolls of noise {unknown}
Potions
 b - a potion of magic
 h - 3 potions of ambrosia {unknown}
 m - a potion of invisibility {unknown}


   Skills:
 * Level 1.6 Fighting
 - Level 2.4 Dodging
 + Level 3.2 Stealth
 + Level 3.6 Spellcasting
 - Level 1.1 Conjurations
 + Level 3.7 Fire Magic


You had 8 spell levels left.
You knew the following spells:

 Your Spells              Type           Power      Damage    Failure   Level
a - Foxfire               Conj/Fire      48%        2x1d6     5%          1

Your spell library contained the following spells:

 Spells                   Type           Power      Damage    Failure   Level
 Scorch                   Fire           34%        2d6       4%          2
 Conjure Flame            Conj/Fire      12%        6-21      16%         3
 Inner Flame              Hex/Fire       10%        N/A       21%         3
 Flame Wave               Conj/Fire      12%        2d6       45%         4


Dungeon Overview and Level Annotations

Branches:
Dungeon (2/15)

Altars:


Message History

The helpless bat fails to defend itself.
You puncture the bat!
You kill the bat!
A rat comes into view.
A rat is nearby!
A rat is nearby!
Found an escape hatch in the floor.
A hobgoblin comes into view.
The hobgoblin shouts!
The rat misses you.
You hit the rat.
You kill the rat!
The hobgoblin barely misses you.
You closely miss the hobgoblin. The hobgoblin hits you.
You hit the hobgoblin.
You kill the hobgoblin!
No target in view!
No target in view!
You see here a hobgoblin corpse.
Found a chain mail.
A gnoll comes into view. It is wielding a +0 halberd.
The gnoll shouts!
A gnoll is nearby!
A gnoll comes into view. It is wielding a +0 whip.
The gnoll shouts!
A gnoll comes into view. It is wielding a +0 spear.
A gnoll comes into view. It is wielding a +0 spear.
The gnoll closely misses you.
The gnoll shouts! x2
You hit the gnoll.
The gnoll is moderately wounded.
The gnoll barely misses you.
A goblin comes into view. It is wielding a +0 dagger.
As you read the scroll labelled YCOAPYAGAH, it crumbles to dust.
You feel strangely unstable.
It was a scroll of teleportation.
The goblin shouts!
The gnoll hits you with a +0 whip! The gnoll closely misses you.
The gnoll attacks as you move away! The gnoll hits you with a +0 halberd!
Ouch! That really hurt!
You die...

#.# #..# .# # #.# #...
.# #.# ##.## ##
#.######## ##.##
#.......†####...###
#..#####.#..^.....#
#.....##†.......#.#
##.##..........##g##.###
#.#####........@g.gg.g.
#.#####.....>.#########
#...[........##
#########...## #####


You could see 4 gnolls and a goblin.

Vanquished Creatures
  2 adders (D:2)
  2 worms (D:2)
  4 bats
  2 endoplasms
  A giant cockroach (D:2)
  6 goblins
  3 hobgoblins
  2 jackals (D:2)
  4 kobolds
  4 quokkas (D:1)
  A ball python (D:1)
  A frilled lizard (D:1)
  4 rats
36 creatures vanquished.

Vanquished Creatures (others)
  89 foxfires
89 creatures vanquished.

Grand Total: 125 creatures vanquished

Notes
Turn   | Place    | Note
-------+----------+-------------------------------------------
     0 | D:1      | Hubjo the Deep Elf Fire Elementalist began the quest for
                  | the Orb.
     0 | D:1      | Reached XP level 1. HP: 10/10 MP: 6/6
   277 | D:1      | Reached XP level 2. HP: 16/16 MP: 1/8
   649 | D:1      | Reached skill level 1 in Fighting
  1405 | D:2      | Reached XP level 3. HP: 20/20 MP: 1/9
  2013 | D:2      | Slain by a gnoll

Illustrated notes

Levels and vault maps discovered:
D:1:      saegor_arrival_simple_c, layout_basic, minmay_tiny_reverse_x
D:2:      layout_loops_ring

Skill      XL: |  1  2 |
---------------+-------+-----
Fighting       | 1 |  1.6
Stealth        | 3 |  3.2
Dodging        | |  2.4
Spellcasting   | |  3.6
Conjurations   | |  1.1
Fire Magic     | |  3.7

Action                   || total
-------------------------++-------
Melee: Dagger            ||    45
       Unarmed           ||     1
 Cast: Foxfire           ||    60
  Use: Scroll            ||     2
       Potion            ||     1
 Stab: Sleeping          ||     2
Armor: Robe              ||     5
Dodge: Dodged            ||    51

Table legend: (Time is in decaauts)
 A = Elapsed time spent in this place.
 B = Non-inter-level travel time spent in this place.
 C = Inter-level travel time spent in this place.
 D = Time resting spent in this place.
 E = Time spent auto-exploring this place.
 F = Levels seen in this place.
 G = Mean time per level.
                   A        B        C        D        E       F      G
               +--------+--------+--------+--------+--------+-----+--------+
         Total |   2012 |   2012 |      0 |     40 |   1724 |   2 | 1006.0 |
       Dungeon |   2012 |   2012 |      0 |     40 |   1724 |   2 | 1006.0 |
               +--------+--------+--------+--------+--------+-----+--------+

Top non-repeatable levels by time:
     D:1: 1218 daAuts
     D:2: 793 daAuts
